AoeStats
← flynorc

Hideout

508545569Analyzed
1v1 RM · 9d ago on Sep 23, 2026· 59m 54s· 2 players
Game mode
Random Map
Map size
Tiny (2 player)
Population
200
Speed
Normal
Resources
Standard
Victory
Conquest
Starting age
Dark Age
Ending age
Imperial Age
RankedLock teamsTeams togetherTeam positionsShared explorationLock speedFull tech treeHidden civsTurbo modeCheats
Victory
Defeat
🇦🇹 Spanish · Austria
1434
+18
🇦🇷 Mongols · Argentina
1475
-18
flynorc
10:19 Feudal Age
11:28 Loom
14:22 Castle Age
13:34 Fletching
15:18 Bodkin Arrow
33:19 Devotion
36:39 Scale Barding Armor
37:47 Bloodlines
38:54 Padded Archer Armor
42:15 Imperial Age
40:51 Wheelbarrow
40:55 Leather Archer Armor
41:14 Double-Bit Axe
41:10 Horse Collar
41:21 Gold Mining
41:53 Chain Barding Armor
42:25 Hand Cart
42:24 Town Watch
42:31 Capped Ram
43:57 Ring Archer Armor
43:48 Bracer
44:16 Supremacy
45:22 Ballistics
46:03 Chemistry
45:55 Plate Barding Armor
44:42 Light Cavalry
45:59 Bow Saw
46:00 Masonry
46:17 Conscription
45:36 Elite Skirmisher
46:22 Thumb Ring
47:10 Forging
47:01 Siege Ram
48:53 Iron Casting
47:39 Hussar
52:14 Husbandry
53:16 Blast Furnace
52:40 Elite Conquistador
53:55 Hoardings
54:08 Architecture
53:34 Murder Holes
53:20 Cavalier
55:23 Sappers
55:55 Inquisition
56:18 Guard Tower
Gagalita
9:21 Feudal Age
9:26 Man-at-Arms
10:46 Loom
11:10 Arson
13:48 Fletching
21:41 Castle Age
21:36 Double-Bit Axe
22:11 Light Cavalry
24:38 Forging
26:32 Scale Barding Armor
30:29 Elite Skirmisher
33:57 Chain Barding Armor
33:58 Crossbowman
35:27 Iron Casting
36:04 Thumb Ring
37:28 Nomads
38:20 Padded Archer Armor
38:15 Gold Mining
39:33 Ballistics
40:14 Bodkin Arrow
43:02 Wheelbarrow
42:50 Leather Archer Armor
49:08 Imperial Age
47:54 Gold Shaft Mining
49:41 Bloodlines
49:31 Husbandry
49:10 Hussar
50:22 Conscription
54:19 Blast Furnace
55:18 Bracer
Connection lost

Rejoining the realm…

Still unreachable

The connection could not be restored.

Session expired

The server has moved on; the page needs a fresh start.